Unix NetHack Version 5.0.0-0 post-release - last build May  4 2026 22:22:43 (774f63e81ad911689b3a0859ea89b322d5daca8d,branch:main).

Game began 2026-05-07 17:29:27, ended 2026-05-07 18:03:24.

Drastanta, lawful female dwarven Valkyrie

             --------
             |......|
             |......|
             |......-#######
             |.....%|      #   -------#---
             -----|--      ####....>.....|
                  #            |.........|
                  #            |.......fe|
                 ##            ---------@-
                 #                     ###                           -------
                 #                                                   |.....|
  ----           #                                     --.------ ####-.....|
  |[[.           #                   #                 |.......| #   |.....|
  |[[.|     -----.---------      #######               |.....<.|##   -------
  |[[.-#####......{.......|      #--.--######          |.......-#
  -----     |.............|      #|@...#    ########   |.......|
            |.(...........|      #|>..|            ####-.......|
            |...........0..#######|`..|                ---------
            ---------------       -----

Drastanta the Skirmisher    St:17 Dx:10 Co:19 In:8 Wi:10 Ch:15  Lawful
Dlvl:4  $:66 HP:0(49) Pw:8(8) AC:-3 Xp:4 T:1663 

Latest messages:
 The rothe misses!
 The rothe misses!
 The rothe bites!
 You hit the rothe.
 The rothe misses!
 The rothe bites!
 The rothe bites again!
 You kill the rothe!
 You hear someone cursing shoplifters.
 There is a doorway here.
 You see here a rothe corpse.
 There is a rothe corpse here; eat it? [ynq] (n) y
 This rothe corpse tastes okay.
 You stop eating the rothe corpse.
 You miss the floating eye.
 You are frozen by the floating eye's gaze!
 The kitten misses!
 The kitten bites!
 The kitten bites!
 The kitten bites!
 The kitten bites!
 The kitten bites!
 The kitten bites!
 The kitten bites!
 The kitten bites!
 The kitten bites!
 The kitten bites!
 The kitten misses!
 The kitten bites!
 The kitten misses!
 The kitten just misses!
 The kitten misses!
 The kitten bites!
 The kitten bites!
 The kitten bites!
 The kitten bites!
 The kitten bites!
 The kitten misses!
 The kitten bites!
 The kitten bites!
 The kitten misses!
 The kitten bites!
 The kitten misses!
 The kitten bites!
 The kitten bites!
 The kitten misses!
 The kitten bites!
 You die...
 Do you want your possessions identified? [ynq] (y) y
 Do you want to see your attributes? [ynq] (y) q

Inventory:
 Coins    ('$')
  $ - 66 gold pieces
 Weapons  (')')
  b - a +0 dagger (alternate weapon; not wielded)
  a - a +1 dwarvish spear (weapon in right hand)
  o - a +0 long sword
 Armor    ('[')
  c - an uncursed +3 small shield (being worn)
  m - a blessed rotproof +0 gray dragon scale mail (being worn)
  g - a blessed +0 splint mail
 Comestibles  ('%')
  p - an uncursed food ration
 Scrolls  ('?')
  h - a blessed scroll of enchant armor
 Potions  ('!')
  i - a blessed potion of booze
  f - a blessed potion of monster detection
  d - an uncursed potion of monster detection
 Wands    ('/')
  n - a wand of magic missile (0:6)
  l - a wand of wishing (0:0)
 Tools    ('(')
  j - an uncursed mirror
  e - an uncursed oil lamp
 Gems/Stones  ('*')
  k - an uncursed chrysoberyl stone

Drastanta the Valkyrie's attributes:

Background:
 You were a Skirmisher, a level 4 dwarven Valkyrie.
 You were lawful, on a mission for Tyr
 who was opposed by Odin (neutral) and Loki (chaotic).
 You were right-handed.
 You were in the Dungeons of Doom, on level 4.
 You entered the dungeon 1663 turns ago.
 You had 87 experience points, 73 more were needed to attain level 5.

Basics:
 You had 0 out of 49 hit points.
 You had all 8 energy points (spell power).
 Your armor class was -3.
 Your wallet contained 66 zorkmids.
 Autopickup was off.

Final Characteristics:
 Your strength was 17 (limit:18/100).
 Your dexterity was 10 (limit:20).
 Your constitution was 19 (limit:20).
 Your intelligence was 8 (limit:16).
 Your wisdom was 10 (limit:16).
 Your charisma was 15 (limit:16).

Final Status:
 You weren't hungry.
 You were unencumbered.
 You were wielding a spear.
 You had basic skill with spear.

Final Attributes:
 You were devoutly aligned.
 You were magic-protected.
 You were cold resistant.
 You had infravision.
 You were stealthy.
 You are dead.

Miscellaneous:
 You didn't encounter any bones levels.
 Total elapsed playing time was 33 minutes and 51 seconds.

Major events:
 Turn
    1: Drastanta the lawful dwarven Valkyrie entered the dungeon
 1004: made her first wish - "Blessed fixed +3 Gray dragon scale mail", got "a gray dragon scale mail"
 1044: attained the rank of Skirmisher (level 3)
 1663: killed by a kitten, while frozen by a floating eye's gaze

You didn't know any spells.

Skills:
 Fighting Skills
   bare handed combat [Unskilled]
   two weapon combat  [Unskilled]
   riding             [Unskilled]
 Weapon Skills
   dagger             [Basic]
   axe                [Unskilled]
   pick-axe           [Unskilled]
   short sword        [Unskilled]
   broadsword         [Unskilled]
   long sword         [Unskilled]
   two-handed sword   [Unskilled]
   saber              [Unskilled]
   hammer             [Unskilled]
   quarterstaff       [Unskilled]
   polearms           [Unskilled]
   spear              [Basic]
   trident            [Unskilled]
   lance              [Unskilled]
   sling              [Unskilled]
 Spellcasting Skills
   attack spells      [Unskilled]
   escape spells      [Unskilled]

Voluntary challenges:
 Character rerolling was not enabled.
 You never genocided any monsters.
 You never polymorphed an object.
 You never changed form.
 You used 1 wish.
 You did not wish for any artifacts.
Achievements:
 You entered a shop.
 You attained the rank of Skirmisher.

 The Dungeons of Doom: levels 1 to 5
    Level 1:
       A fountain.
    Level 2:
       A general store.
    Level 3:
       A fountain.
    Level 4: <- You were here.
       An armor shop, a sink.
       Final resting place for
          you, killed by a kitten, while frozen by a floating eye's gaze.
    Level 5:


Vanquished creatures:
  a rothe
 an iguana
  2 coyotes
  2 large kobolds
  3 giant rats
  a brown mold
  a yellow mold
  a red mold
  a gnome
  2 geckos
  4 foxes
  3 goblins
  3 grid bugs
  a lichen
  a kobold zombie
  5 newts
32 creatures vanquished.

No species were genocided or became extinct.

Game over:
                       ----------
                      /          \
                     /    REST    \
                    /      IN      \
                   /     PEACE      \
                  /                  \
                  |    Drastanta     |
                  |      66 Au       |
                  |   killed by a    |
                  |      kitten      |
                  |                  |
                  |                  |
                  |       2026       |
                 *|     *  *  *      | *
        _________)/\\_//(\/(/\)/\//\/|_)_______

Farvel Drastanta the Valkyrie...

You died in The Dungeons of Doom on dungeon level 4 with 618 points,
and 66 pieces of gold, after 1663 moves.
You were level 4 with a maximum of 49 hit points when you died.

